← All builds
Suicide front / Cortex / Economy first / OBSERVED BUILD

Standard suicide front

Cortex Suicide front build order · Supreme Isthmus

The role's baseline economy-first play: fast Bot Lab, early Advanced Metal Extractor, and a Thug/Grunt/Aggravator mix pushed to hold the middle while teching up.

#raid #push · 1059 distinct matches · 187 players · 73% of Cortex Suicide front games · team won 57% of 1129 · Recently observed

HOW TO PLAY IT

Key timing: Bot Lab by 0:39

  1. Open 3 mex, then rush Bot Lab almost immediately.
  2. Finish Bot Lab and start pushing Thug, Grunt, Aggravator.
  3. Send units straight to middle to contest and stop leaks.
  4. Eat the Bot Lab for metal if 32% of games reach that point.
  5. Transition into Advanced Metal Extractor once middle is stable.

Phase by phase

TYPICAL OF ITS 1059 GAMES
  1. 1
  2. 2
  3. 3
PLAY THE OPENING

Follow the example game's first 6:00 step by step: what to build now, what comes next, and where it goes. At 1× it keeps pace with your own game.

  1. 1

    Up to the Bot Lab

    Economy
    • Metal Extractor2Mex
    Order
    1. Bot LabBot Lab after 2 mexdone ~0:36, middle half 0:27–0:45

    By 0:21 in all: 2 mex

    The example game in this phase · 3 steps
    1. Mex ×3
    2. GuardGuard
    3. Bot LabBot Labdone 0:53 · typical 0:36
  2. 2

    Bot Lab to 5:00

    Economy
    • Metal Extractor3Mex
    • Wind Turbine2Wind
    Builders
    • Graverobber4 Graverobber
    • Construction Bot3 Con bot
    Army
    • Guard3 Guard
    • Thug16 Thug
    • Grunt3 Grunt
    Other
    • Radar Tower1 Radar Tower

    Some games also: aggravator (38%) · con turret (31%)

    By 5:00 in all: 5 mex · 3 wind

    The example game in this phase · 41 steps
    1. Construction BotCon bot
    2. GuardGuard
    3. Construction BotCon bot
    4. Wind
    5. Construction BotCon bot
    6. Mex
    7. ThugThug
    8. Wind
    9. ThugThug
    10. GuardGuard
    11. ThugThug
    12. Wind
    13. ThugThug
    14. GuardGuard
    15. ThugThug
    16. GuardGuard
    17. Wind
    18. ThugThug
    19. GuardGuard
    20. ThugThug
    21. Mex
    22. Wind
    23. ThugThug
    24. Twin GuardTwin Guard
    25. ThugThug
    26. Wind
    27. ThugThug ×2
    28. WardenWarden
    29. ThugThug
    30. Wind
    31. ThugThug
    32. Wind
    33. Converter
    34. ThugThug
    35. Wind
    36. CastroCastro
    37. Radar TowerRadar Tower
    38. Converter
    39. ThugThug
    40. Wind
    41. ThugThug
  3. 3

    5:00 to 10:00

    Economy
    • Metal Extractor1Mex
    • Wind Turbine12Wind
    Builders
    • Construction Turret1 Con turret
    • Graverobber3 Graverobber
    • Construction Bot1 Con bot
    Army
    • Guard1 Guard
    • Thug11 Thug
    • Grunt1 Grunt

    Some games also: aggravator (42%) · Radar Tower (39%) · energy storage (37%) · Twin Guard (31%)

    By 10:00 in all: 6 mex · 16 wind · 2 con turret

    The example game in this phase · 99 steps
    1. Wind
    2. Construction BotCon bot
    3. GuardGuard
    4. Twin GuardTwin Guard
    5. Construction BotCon bot
    6. Wind
    7. Twin GuardTwin Guard
    8. ThugThug
    9. Con turret
    10. Wind ×2
    11. ThugThug
    12. Wind
    13. ThugThug
    14. Wind
    15. ThugThug ×2
    16. Wind ×2
    17. ThugThug ×2
    18. Converter
    19. Wind ×2
    20. Converter
    21. Wind
    22. Construction BotCon bot
    23. Wind
    24. Converter
    25. Wind
    26. ThugThug
    27. Wind
    28. Converter ×2
    29. Wind
    30. Construction BotCon bot
    31. Wind ×2
    32. ThugThug
    33. Wind ×2
    34. Mex
    35. Construction BotCon bot
    36. Wind ×2
    37. ThugThug
    38. Wind ×2
    39. ThugThug
    40. Wind ×2
    41. Converter
    42. Wind
    43. ThugThug
    44. Converter
    45. Wind ×2
    46. Dragon's TeethDragon's Teeth
    47. ThugThug
    48. Con turret
    49. Dragon's TeethDragon's Teeth
    50. Wind
    51. Dragon's TeethDragon's Teeth ×2
    52. Wind
    53. Dragon's TeethDragon's Teeth
    54. ThugThug
    55. Dragon's TeethDragon's Teeth
    56. Wind
    57. Dragon's TeethDragon's Teeth
    58. Wind ×2
    59. Converter
    60. Wind ×2
    61. Dragon's TeethDragon's Teeth
    62. Energy storage
    63. Dragon's TeethDragon's Teeth
    64. Wind
    65. Dragon's TeethDragon's Teeth
    66. Wind
    67. Dragon's TeethDragon's Teeth
    68. Wind
    69. Dragon's TeethDragon's Teeth ×2
    70. Wind ×2
    71. Dragon's TeethDragon's Teeth
    72. Wind
    73. Dragon's TeethDragon's Teeth
    74. Wind ×2
    75. ThugThug
    76. Converter
    77. Wind ×2
    78. Converter
    79. Wind ×2
    80. Construction BotCon bot
    81. Wind ×2
    82. Converter
    83. Wind
    84. Converter
    85. Wind ×2
    86. Converter
    87. Wind ×3
    88. Construction BotCon bot
    89. Wind ×3
    90. ThugThug
    91. Twin GuardTwin Guard
    92. Wind ×3
    93. Twin GuardTwin Guard
    94. Wind
    95. Twin GuardTwin Guard ×2
    96. Wind
    97. Twin GuardTwin Guard ×3
    98. Wind ×4
    99. Twin GuardTwin Guard

Counts are medians over the build's games: half of them build more, half fewer. The example game is Spongeb0b's (34 OS, 03/08/2026); pick another.

Team trades

IN AT LEAST 30% OF ITS GAMES

You hand over

Nothing regular.

You get

  • Tidal Generator4 Tidal from Pondfirst at 0:11 · in 69% of games
  • Advanced Construction Bot1 T2 con bot from Geo or Techfirst at 7:46 · in 55% of games

How it plays out

Typical game of this build, running totals by minute

Metal produced

010k20k
0:005:0010:0015:00

metal

Enemy metal destroyed

05k10k
0:005:0010:0015:00

metal

Own metal lost

05k10k
0:005:0010:0015:00

metal

1129 games.

Show as table
ByMetal produced: This buildEnemy metal destroyed: This buildOwn metal lost: This build
1:0033000
2:0094400
3:002036216173
4:003125733632
5:00428115421394
6:00547425052331
7:00664936373310
8:00782945654355
9:00894453015270
10:001021360176154
11:001158865676915
12:001316370367714
13:001475877548382
14:001637283518916
15:001774489709568
WHAT THE NUMBERS SAY

This baseline wins more often than most other roles' standard builds, with early aggression showing in high kills and losses alike.

  • + Team wins 54% of games, best winrate among the roles shown.
  • + First kill lands very early at 2:07 in all games.
  • − Own metal lost is heavy early, 1439 by 5:00.
  • − Enemy destroyed stays close to own losses through 15:00, a costly front.
THE EXAMPLE YOU ARE READING

Spongeb0b

34.3 OS · 03/08/2026

Open source match ↗

4 received units
0 metal received · 10198 energy received

Allied construction assistance is unknown. Timings are observations, not a promise of solo reproducibility.

Typical milestones

Bot Lab0:36Middle 50%: 0:27–0:45 · n=1123
Advanced Metal Extractor10:00Middle 50%: 9:00–11:14 · n=703

Played most by

XXMACGAMERXX134games of this build_Hawkey_70games of this build_X_61games of this buildrealisticjo53games of this buildAbyssFalcon48games of this build
Standard suicide front · Cortex Suicide front build order · BAR Build Atlas